 Dungeon Crawl Stone Soup version 0.30.1-4-g462c640d31 (webtiles) character file.

Game seed: 5837888338690239329

1119 mortz the Conjurer (level 7, -3/50 HPs)
             Began as a Demigod Conjurer on Sept 12, 2023.
             Slain by Duvessa
             ... wielding a +4 short sword of venom
              (15 damage)
             ... on level 4 of the Dungeon.
             The game lasted 00:31:44 (6129 turns).

mortz the Conjurer (Demigod Conjurer)               Turns: 6129, Time: 00:31:45

Health: -3/50      AC:  8    Str:  8    XL:     7   Next: 88%
Magic:  0/18       EV: 10    Int: 28    God:
Gold:   53         SH:  3    Dex: 12    Spells: 9/16 levels left

rFire   . . .        B - +2 whip (drain)
rCold   . . .        i - +0 buckler
rNeg    . . .        l - +0 leather armour
rPois   .            D - +2 helmet
rElec   .            (no cloak)
rCorr   +            (no gloves)
SInv    .            t - +1 pair of boots
Will    .....        (no amulet)
Stlth   ++           m - ring of resist corrosion
HPRegen 0.28/turn    G - ring of wizardry
MPRegen 0.16/turn

%: wizardry (x1)
@: lethally poisoned (-3 -> -9), very slightly contaminated
A: high MP 1, forlorn, divine attributes
a: no special abilities


You were on level 4 of the Dungeon.
You visited 1 branch of the dungeon, and saw 4 of its levels.
You also visited: Sewer.

You collected 315 gold pieces.
You spent 262 gold pieces at shops.

Inventory:

Hand Weapons
 e - a +0 dagger
 k - a +0 short sword
 B - a +2 whip of draining (weapon)
Missiles
 c - 2 throwing nets
 v - 3 curare-tipped darts
 x - 35 poisoned darts
 C - 4 atropa-tipped darts
Armour
 a - a +0 robe
 d - a +2 chain mail of fire resistance
 i - a +0 buckler (worn)
 l - a +0 leather armour (worn)
 t - a +1 pair of boots (worn)
 D - a +2 helmet (worn)
Jewellery
 m - a ring of resist corrosion (left hand)
 G - a ring of wizardry (right hand)
Wands
 F - a wand of charming (4)
Scrolls
 g - a scroll of blinking {unknown}
 n - 2 scrolls of fear
 o - a scroll of magic mapping
 q - 2 scrolls of torment {unknown}
 s - a scroll of amnesia {unknown}
 u - 4 scrolls of teleportation
 y - a scroll of summoning {unknown}
 E - a scroll of enchant weapon
Potions
 b - a potion of magic
 f - 2 potions of might
 h - 2 potions of lignification
 j - 3 potions of curing
 p - 2 potions of flight
 r - a potion of attraction
 w - 2 potions of cancellation
 z - a potion of resistance
 A - a potion of ambrosia {unknown}
 H - a potion of mutation {unknown}
 I - 2 potions of heal wounds


   Skills:
 - Level 2.0 Dodging
 - Level 2.0 Stealth
 + Level 5.0 Spellcasting
 + Level 6.3 Conjurations
 + Level 4.4 Translocations


You had 9 spell levels left.
You knew the following spells:

 Your Spells              Type           Power      Damage    Failure   Level
a - Magic Dart            Conj           100%       1d8       1%          1
b - Searing Ray           Conj           84%        2d7       1%          2
c - Iskenderun's Mystic   Conj/Tloc      37%        2d9       7%          4

Your spell library contained the following spells:

 Spells                   Type           Power      Damage    Failure   Level
 Dazzling Flash           Conj/Hex       48%        N/A       5%          3
 Fulminant Prism          Conj/Hex       12%        3d9       16%         4


Dungeon Overview and Level Annotations

Branches:
Dungeon (4/15) Zot: 19182   Sewer (visited)
 Temple: D:4-7

Shops:
D:3 *?*

Annotations:
D:4 Duvessa


Innate Abilities, Weirdness & Mutations

You have an increased reservoir of magic. (+10% MP)
You shall have no god before yourself.
Your divine heritage dramatically boosts your attributes as you level up.


Message History

The searing ray hits Duvessa but does no damage.
Duvessa is lightly wounded.
You finish channelling your searing ray.
Casting: Searing Ray (safe; 1% risk of failure)
Confirm with . or Enter, or press ? or * to list all spells.
Aiming: Searing Ray (safe; 1% risk of failure)
Press: ? - help, Shift-Dir - straight line, f - Duvessa
Aim: Duvessa, wielding a +4 short sword of venom, wearing a +0 scale mail and carrying a wand of flame (13) (lightly wounded, berserk, 87% to hit)
Okay, then.
Casting: Searing Ray (safe; 1% risk of failure)
Confirm with . or Enter, or press ? or * to list all spells.
You miscast Iskenderun's Mystic Blast.
You are very lightly contaminated with residual magic.
The air around you crackles with energy.
Duvessa hits you but does no damage.
You are poisoned.
Casting: Iskenderun's Mystic Blast (dangerous; 7% risk of failure)
Confirm with . or Enter, or press ? or * to list all spells.
You erupt in a blast of force!
The mystic blast hits Duvessa!
Duvessa is heavily wounded.
Duvessa is knocked back by the mystic blast.
You feel sick.
Casting: Iskenderun's Mystic Blast (dangerous; 7% risk of failure)
Confirm with . or Enter, or press ? or * to list all spells.
Aiming: Searing Ray (safe; 1% risk of failure)
Press: ? - help, Shift-Dir - straight line, f - Duvessa
Aim: Duvessa, wielding a +4 short sword of venom, wearing a +0 scale mail and carrying a wand of flame (13) (heavily wounded, berserk, 87% to hit)
The searing ray hits Duvessa.
Duvessa is heavily wounded.
You feel sick.
Duvessa hits you with a +4 short sword of venom!
You are more poisoned.
The searing ray hits Duvessa.
Duvessa is heavily wounded.
You feel sick. Duvessa closely misses you.
The searing ray hits Duvessa!
Duvessa is severely wounded.
You feel sick.
Duvessa hits you with a +4 short sword of venom!
You die...

# #......#.........##..........
#####.....[#.# #.....#######.....
......###'##.###.................
.)....###.##.......e####...#.(#..
..........##...............+.....
..........##.........#e#...#.....
..........##.....###.#.#...##....
##..#####.##.#########...........
................@e.).'.........(.
####....#.##.#########....)......
).........##.....................
#######.####...........#....#....
...........#...........#....#....
##.....................'.........
#.....................#....#....
#.....................#.........
#.....................#####.....


You could see Duvessa (berserk).

Vanquished Creatures
  A centaur (D:4)
  7 kobold brigands (Sewer)
  2 scorpions (D:4)
  Dowan (D:4)
  A hound (D:4)
  A jelly (D:4)
  2 iguanas (D:4)
  9 adders
  5 gnolls
  2 river rats (Sewer)
  4 worms
  A dart slug (D:1)
  3 orcs
  11 ball pythons
  3 bats
  11 endoplasms
  5 giant cockroaches
  10 hobgoblins
  6 jackals
  8 kobolds
  2 quokkas
  2 frilled lizards
  16 goblins
  10 rats
123 creatures vanquished.

Notes
Turn   | Place    | Note
-------+----------+-------------------------------------------
     0 | D:1      | mortz the Demigod Conjurer began the quest for the Orb.
     0 | D:1      | Reached XP level 1. HP: 14/14 MP: 5/5
   328 | D:1      | Reached XP level 2. HP: 20/20 MP: 0/7
   865 | D:1      | Learned a level 2 spell: Searing Ray
   915 | D:1      | Reached skill level 4 in Conjurations
  1401 | D:2      | Reached XP level 3. HP: 26/26 MP: 6/9
  2164 | D:3      | Found Meodwus's Assorted Antiques.
  2198 | D:3      | Reached XP level 4. HP: 32/33 MP: 0/11
  2522 | D:3      | Reached skill level 1 in Translocations
  2584 | D:3      | Found a glowing drain.
  2588 | Sewer    | Entered a sewer
  2612 | Sewer    | Noticed a kobold brigand
  2629 | Sewer    | Killed a kobold brigand
  2630 | Sewer    | Reached XP level 5. HP: 35/38 MP: 1/12
  2958 | Sewer    | Reached skill level 5 in Conjurations
  3028 | Sewer    | Reached XP level 6. HP: 14/45 MP: 7/14
  3409 | Sewer    | Reached XP level 7. HP: 11/50 MP: 2/16
  4257 | D:3      | Found Sause's General Store.
  4264 | D:3      | Bought a potion of degeneration for 10 gold pieces
  4586 | D:3      | Found Orug's Magic Scroll Emporium.
  4609 | D:3      | Bought a scroll of noise for 14 gold pieces
  4609 | D:3      | Bought a scroll of identify for 28 gold pieces
  4755 | D:3      | Bought a scroll of enchant armour for 75 gold pieces
  4755 | D:3      | Bought a scroll of teleportation for 30 gold pieces
  4787 | D:3      | Bought a scroll of enchant weapon for 105 gold pieces
  5020 | D:4      | Learned a level 4 spell: Iskenderun's Mystic Blast
  5297 | D:4      | Reached skill level 6 in Conjurations
  6029 | D:4      | Reached skill level 5 in Spellcasting
  6106 | D:4      | Noticed Dowan
  6109 | D:4      | Noticed Duvessa
  6123 | D:4      | Killed Dowan
  6129 | D:4      | Slain by Duvessa

Illustrated notes

Levels and vault maps discovered:
D:1:      spicycebolla_arrival_transporter_tutorial, layout_basic,
          chequers_ecumenical_altar_simple_redux
D:2:      layout_rooms
D:3:      layout_loops_ring, okawaru_altar_gauntlet_db, serial_shops, shop,
          shop, shop_coins, gup_sewer_entry_spiral, kennysheep_generic_room_14
D:4:      layout_basic, uniq_duvessa

Skill      XL: |  1  2  3  4  5  6  7 |
---------------+----------------------+-----
Stealth        | 2 |  2.0
Dodging        | 2 |  2.0
Spellcasting   | 2 3 4 5 |  5.0
Conjurations   | 4 5 6 |  6.3
Translocations | 1 2 3 4 |  4.4

Action                     |  1- 3 |  4- 6 |  7- 9 || total
---------------------------+-------+-------+-------++-------
  Melee: Dagger            |     4 |     1 |       ||     5
         Whip              |       |       |     4 ||     4
   Cast: Magic Dart        |    96 |    39 |    78 ||   213
         Searing Ray       |     4 |    13 |    15 ||    32
         Iskenderun's Myst |       |       |     1 ||     1
    Use: Scroll            |     3 |       |     9 ||    12
 Armour: Leather armour    |     5 |     4 |     9 ||    18
  Dodge: Dodged            |     4 |    15 |    17 ||    36
